 Dungeon Crawl Stone Soup version 0.29-a0-575-g0dc89cf053 (webtiles) character file.

Game seed: 16029656225634116650

24 KristoblXynda the Slasher (level 2, 0/25 HPs)
             Began as a Draconian Gladiator on June 13, 2022.
             Succumbed to a kobold's poison
             ... on level 2 of the Dungeon.
             The game lasted 00:00:34 (835 turns).

KristoblXynda the Slasher (Draconian Gladiator)      Turns: 835, Time: 00:00:35

Health: 0/25       AC:  4    Str: 16    XL:     2   Next: 79%
Magic:  2/2        EV: 12    Int:  8    God:
Gold:   34         SH:  0    Dex: 12    Spells: 1/1 levels left

rFire   . . .      SeeInvis .   a - +0 long sword
rCold   . . .      Faith    .   (no shield)
rNeg    . . .      Spirit   .   (body armour unavailable)
rPois   .          Reflect  .   b - +0 hat
rElec   .          Harm     .   (no cloak)
rCorr   .          Rampage  .   (no gloves)
Will    .....                   (no boots)
Stlth   +.........              (no amulet)
HPRegen 0.08/turn               (no ring)
MPRegen 0.08/turn               (no ring)

@: lethally poisoned (0 -> -10)
A: AC +4, unfitting armour, cold-blooded
a: no special abilities


You were on level 2 of the Dungeon.
You visited 1 branch of the dungeon, and saw 2 of its levels.

You collected 34 gold pieces.

Inventory:

Hand Weapons
 a - a +0 long sword (weapon)
Missiles
 c - 2 throwing nets (quivered)
Armour
 b - a +0 hat (worn)
 h - a +0 buckler
Scrolls
 e - a scroll of magic mapping {unknown}
 i - a scroll of teleportation {unknown}
Potions
 f - a potion of attraction {unknown}
 g - a potion of curing {unknown}


   Skills:
 + Level 2.6 Fighting
 + Level 3.2 Long Blades
 + Level 2.1 Throwing
 + Level 3.0 Dodging


You had one spell level left.
You didn't know any spells.
Your spell library was empty.

Dungeon Overview and Level Annotations

Branches:
Dungeon (2/15)

Altars:


Innate Abilities, Weirdness & Mutations

Your plain brown scales are hard. (AC +4)
You cannot fit into any form of body armour.
You are cold-blooded and may be slowed by cold attacks.


Message History

You feel yourself speed up. The kobold closely misses you.
You barely miss the kobold.
The kobold hits you with a +1 whip of venom.
The kobold hits you but does no damage.
You hit the kobold but do no damage.
The kobold hits you with a +1 whip of venom.
You are poisoned.
You closely miss the kobold.
You feel sick. The kobold misses you.
You are too injured to fight recklessly!
You are too injured to fight recklessly!
You are too injured to fight recklessly!
You are too injured to fight recklessly!
You are too injured to fight recklessly!
You are too injured to fight recklessly!
You are too injured to fight recklessly!
A kobold is nearby!
A kobold is nearby!
Unknown command.
Throw: javelin
Press: ? - help, Q - select action, (/) - cycle Shift-Dir - straight line, f - kobold
Aim: a kobold, wielding a +1 whip of venom (51% to hit)
You throw a javelin. The javelin pierces through the kobold.
The kobold is moderately wounded.
You feel sick.
The kobold hits you with a +1 whip of venom.
* * * LOW HITPOINT WARNING * * *
You are lethally poisoned!
The kobold barely misses you.
Throw: 3 throwing nets
Press: ? - help, Q - select action Shift-Dir - straight line, f/p - kobold
Aim: a kobold, wielding a +1 whip of venom (moderately wounded, 51% to hit)
You throw a throwing net. The throwing net hits the kobold.
The kobold is caught in the net!
The kobold is moderately wounded.
* * * LOW HITPOINT WARNING * * *
You feel sick.
The kobold struggles against the net.
You slash the kobold!
You kill the kobold!
You die...

####.....#..
.........#..
.........#.#
.........#.#
.........#.#####
.........#.....####
.........'.....'...
###+##..#.(...#
#..<[>#..@)(#
#.#.#.#.....# #
#.#.#.##### #.#.#.#
#...#.# #####.# #.#
#.#


There were no monsters in sight!

Vanquished Creatures
  A dart slug (D:1)
  4 endoplasms
  3 goblins (D:1)
  4 hobgoblins (D:1)
  2 bats (D:1)
  A frilled lizard (D:1)
  2 kobolds
  5 rats
22 creatures vanquished.

Notes
Turn   | Place    | Note
-------+----------+-------------------------------------------
     0 | D:1      | KristoblXynda the Draconian Gladiator began the quest for
                  | the Orb.
     0 | D:1      | Reached XP level 1. HP: 17/17 MP: 1/1
    86 | D:1      | Reached XP level 2. HP: 24/25 MP: 2/2
   835 | D:2      | Succumbed to a kobold's poison

Illustrated notes

Levels and vault maps discovered:
D:1:      lightli_arrival_statuegarden, layout_basic, minmay_ruptured
D:2:      layout_basic, ebering_ecumenical_altar_rust

Skill      XL: |  1  2 |
---------------+-------+-----
Throwing       | 2 |  2.1
Dodging        | 3 |  3.0
Fighting       | |  2.6
Long Blades    | |  3.2

Action                   || total
-------------------------++-------
Melee: Long sword        ||    57
       Tailslap          ||     4
       Punch             ||     2
Throw: Javelin           ||     2
       Throwing net      ||     1
 Stab: Sleeping          ||     1
Armor: Skin              ||    25
Dodge: Dodged            ||    29

Table legend: (Time is in decaauts)
 A = Elapsed time spent in this place.
 B = Non-inter-level travel time spent in this place.
 C = Inter-level travel time spent in this place.
 D = Time resting spent in this place.
 E = Time spent auto-exploring this place.
 F = Levels seen in this place.
 G = Mean time per level.
                   A        B        C        D        E       F      G
               +--------+--------+--------+--------+--------+-----+--------+
         Total |    850 |    838 |     12 |      0 |    696 |   2 |  425.0 |
       Dungeon |    850 |    838 |     12 |      0 |    696 |   2 |  425.0 |
               +--------+--------+--------+--------+--------+-----+--------+

Top non-repeatable levels by time:
     D:1: 829 daAuts
     D:2: 20 daAuts
